[ AOE2 MATCH · #475933399 ]
UnrankedMongols vs Huns
[ REPLAY ANALYSIS · EXTRACTED FROM THE RECORDED GAME ]
Feudal
11:13
Castle
15:31
Imperial
33:19
| APM avg | 33.4 |
| APM peak | 83 |
| eAPM avg | 19.8 |
| Villagers / military | 107 / 540 |
Focus
⚔️ 37.9% · 🌾 62.1%
Scout Cavalry ×344 · Mangudai ×186 · Trebuchet (Packed) ×10
Feudal
10:54
Castle
20:53
Imperial
33:42
| APM avg | 23.2 |
| APM peak | 100 |
| eAPM avg | 18.5 |
| Villagers / military | 120 / 145 |
Focus
⚔️ 37.2% · 🌾 62.8%
Scorpion ×79 · Trade Cart ×44 · Mangonel ×35 · Fishing Ship ×26 · Bombard Cannon ×25 · Monk ×4
Feudal
11:57
Castle
16:25
Imperial
29:29
| APM avg | 28.0 |
| APM peak | 88 |
| eAPM avg | 16.7 |
| Villagers / military | 166 / 748 |
Focus
⚔️ 39.5% · 🌾 60.5%
Skirmisher ×395 · Spearman ×122 · Cavalry Archer ×114 · Scout Cavalry ×80 · Tarkan ×30 · Trade Cart ×10
Feudal
11:51
Castle
16:49
Imperial
29:56
| APM avg | 43.2 |
| APM peak | 98 |
| eAPM avg | 21.2 |
| Villagers / military | 216 / 345 |
Focus
⚔️ 33.2% · 🌾 66.8%
Skirmisher ×162 · Hussite Wagon ×111 · Spearman ×57 · Fishing Ship ×15 · Trade Cart ×8 · Monk ×5
Feudal
—
Castle
—
Imperial
—
| APM avg | 10.3 |
| APM peak | 26 |
| eAPM avg | 7.2 |
| Villagers / military | 101 / 77 |
Focus
⚔️ 19.5% · 🌾 80.5%
Mangonel ×20 · Spearman ×20 · Jaguar Warrior ×20 · Fishing Ship ×18 · Trebuchet (Packed) ×15 · Trade Cart ×11
Feudal
17:17
Castle
21:40
Imperial
43:29
| APM avg | 12.5 |
| APM peak | 38 |
| eAPM avg | 10.2 |
| Villagers / military | 139 / 173 |
Focus
⚔️ 16.9% · 🌾 83.1%
Ballista Elephant ×102 · Scout Cavalry ×67 · Militia ×4
Feudal
—
Castle
—
Imperial
—
| APM avg | 27.4 |
| APM peak | 100 |
| eAPM avg | 18.6 |
| Villagers / military | 138 / 232 |
Focus
⚔️ 24.3% · 🌾 75.7%
Fire Lancer ×132 · Iron Pagoda ×79 · Trade Cart ×39 · Chu Ko Nu ×20 · Monk ×1
Feudal
11:18
Castle
19:22
Imperial
33:41
| APM avg | 23.7 |
| APM peak | 83 |
| eAPM avg | 16.9 |
| Villagers / military | 115 / 275 |
Focus
⚔️ 37.3% · 🌾 62.7%
Militia ×184 · Spearman ×46 · Mangonel ×29 · Battering Ram ×10 · Fishing Ship ×5 · Warrior Priest ×2
Match map
Initial resources + every placement click. Lines = walls · curves = elevation contours. ◆ gold · ⬟ stone · ● berries · ✦ relic · ◌ wall gap
Your base· ✓ Closed at 15:31 · 0t walls · no gate
kingjohnkk's base· ✓ Closed at 20:53 · 74t walls · no gate
Moe's base· Open — opponent sealed themselves in
shadow++'s base· Open — opponent sealed themselves in
Cuauhocelotl831's base· ✓ Closed at 23:16 · 19t walls · no gate
chapacha1705's base· ✓ Closed at 21:40 · 25t walls · 2 gate(s)
NthEagle7752776's base· ✓ Closed at 17:21 · 9t walls · no gate
SebastiánIgnacio's base· Open — opponent sealed themselves in
Smoothed initial terrain · ◌ = detected wall gap · hover for details
Inputs per minute
— The Law - - kingjohnkk
Build order — The Law
First 150 of 420 actions detected
| 0:00 | Create | Villager (Male) |
| 0:01 | Create | Villager (Male) |
| 0:01 | Create | Villager (Male) |
| 0:01 | Create | Villager (Male) |
| 0:02 | Build | House |
| 0:03 | Build | House |
| 1:30 | Create | Villager (Male) |
| 1:56 | Build | Lumber Camp |
| 1:59 | Create | Villager (Male) |
| 1:59 | Create | Villager (Male) |
| 2:23 | Create | Villager (Male) |
| 2:33 | Build | House |
| 3:13 | Create | Villager (Male) |
| 3:13 | Create | Villager (Male) |
| 3:45 | Create | Villager (Male) |
| 4:12 | Create | Villager (Male) |
| 4:12 | Create | Villager (Male) |
| 4:47 | Create | Villager (Male) |
| 4:47 | Create | Villager (Male) |
| 4:55 | Create | Villager (Male) |
| 4:55 | Create | Villager (Male) |
| 5:22 | Create | Villager (Male) |
| 5:22 | Create | Villager (Male) |
| 5:40 | Create | Villager (Male) |
| 5:40 | Create | Villager (Male) |
| 5:45 | Build | Mill |
| 6:13 | Build | House |
| 6:17 | Create | Villager (Male) |
| 7:03 | Build | Mill |
| 8:11 | Create | Villager (Male) |
| 8:12 | Create | Villager (Male) |
| 8:16 | Build | Mining Camp |
| 8:52 | Research | Feudal Age |
| 8:52 | Research | Feudal Age |
| 8:55 | Research | Loom |
| 9:12 | Build | House |
| 9:15 | Build | Farm |
| 10:47 | Build | Farm |
| 10:47 | Build | Farm |
| 10:47 | Build | Farm |
| 10:57 | Build | Farm |
| 11:13 | Age | Feudal Age |
| 11:15 | Build | Market |
| 11:23 | Build | Blacksmith |
| 11:41 | Create | Villager (Male) |
| 11:41 | Create | Villager (Male) |
| 12:18 | Build | Farm |
| 12:19 | Build | Farm |
| 12:51 | Research | Castle Age |
| 13:23 | Build | Barracks |
| 14:19 | Build | House |
| 15:11 | Build | Stable |
| 15:31 | Age | Castle Age |
| 15:40 | Build | Town Center |
| 15:52 | Create | Villager (Male) |
| 15:52 | Create | Villager (Male) |
| 15:52 | Create | Villager (Male) |
| 15:53 | Create | Villager (Male) |
| 16:02 | Research | Double-Bit Axe |
| 16:05 | Research | Horse Collar |
| 16:25 | Build | House |
| 16:58 | Build | House |
| 17:02 | Create | Villager (Male) |
| 17:03 | Create | Villager (Male) |
| 17:03 | Create | Villager (Male) |
| 17:03 | Create | Villager (Male) |
| 17:03 | Create | Villager (Male) |
| 17:06 | Create | Villager (Male) |
| 17:06 | Create | Villager (Male) |
| 17:12 | Build | Farm |
| 17:33 | Build | House |
| 17:56 | Create | Villager (Male) |
| 17:57 | Create | Villager (Male) |
| 17:59 | Create | Villager (Male) |
| 17:59 | Create | Villager (Male) |
| 17:59 | Create | Villager (Male) |
| 18:04 | Build | Mining Camp |
| 18:16 | Create | Villager (Male) |
| 18:18 | Research | Wheelbarrow |
| 18:56 | Create | Villager (Male) |
| 18:56 | Create | Villager (Male) |
| 19:00 | Create | Villager (Male) |
| 19:00 | Create | Villager (Male) |
| 19:01 | Create | Villager (Male) |
| 19:19 | Build | House |
| 19:21 | Build | House |
| 19:28 | Build | House |
| 19:44 | Build | Town Center |
| 19:57 | Create | Villager (Male) |
| 19:57 | Create | Villager (Male) |
| 19:58 | Create | Villager (Male) |
| 20:01 | Research | Bow Saw |
| 20:16 | Research | Heavy Plow |
| 20:46 | Build | House |
| 21:00 | Build | Palisade Wall |
| 21:03 | Build | Palisade Gate |
| 21:07 | Create | Villager (Male) |
| 21:08 | Create | Villager (Male) |
| 21:14 | Build | Farm |
| 21:14 | Build | Farm |
| 21:15 | Build | Farm |
| 21:21 | Build | Farm |
| 21:21 | Build | Farm |
| 21:22 | Build | Farm |
| 21:30 | Create | Villager (Male) |
| 21:30 | Create | Villager (Male) |
| 21:30 | Create | Villager (Male) |
| 21:30 | Create | Villager (Male) |
| 21:42 | Build | Farm |
| 21:47 | Build | Farm |
| 21:47 | Build | Farm |
| 21:58 | Build | House |
| 22:23 | Build | Lumber Camp |
| 22:26 | Create | Villager (Male) |
| 22:26 | Create | Villager (Male) |
| 22:32 | Build | Farm |
| 22:32 | Build | Farm |
| 22:36 | Build | House |
| 22:36 | Build | House |
| 22:52 | Create | Villager (Male) |
| 22:53 | Create | Villager (Male) |
| 22:53 | Create | Villager (Male) |
| 23:08 | Create | Villager (Male) |
| 23:09 | Create | Villager (Male) |
| 23:19 | Build | Stable |
| 23:19 | Build | Stable |
| 23:25 | Create | Villager (Male) |
| 23:26 | Create | Villager (Male) |
| 23:36 | Build | Farm |
| 23:36 | Build | Farm |
| 23:36 | Build | Farm |
| 23:40 | Build | House |
| 23:47 | Create | Villager (Male) |
| 23:47 | Create | Villager (Male) |
| 23:50 | Create | Villager (Male) |
| 24:11 | Build | Castle |
| 24:14 | Build | House |
| 24:14 | Build | House |
| 24:15 | Build | House |
| 24:20 | Create | Villager (Male) |
| 24:20 | Create | Villager (Male) |
| 24:20 | Create | Villager (Male) |
| 24:25 | Create | Villager (Male) |
| 24:32 | Build | Stable |
| 24:33 | Build | Stable |
| 24:42 | Create | Villager (Male) |
| 24:42 | Create | Villager (Male) |
| 24:54 | Build | Lumber Camp |
| 24:59 | Create | Villager (Male) |
| 25:00 | Create | Villager (Male) |
Build order — kingjohnkk
First 150 of 498 actions detected
| 0:01 | Create | Villager (Male) |
| 0:01 | Create | Villager (Male) |
| 0:02 | Create | Villager (Male) |
| 0:02 | Create | Villager (Male) |
| 0:03 | Build | House |
| 0:56 | Create | Villager (Male) |
| 0:56 | Create | Villager (Male) |
| 1:24 | Create | Villager (Male) |
| 1:24 | Create | Villager (Male) |
| 1:44 | Build | House |
| 2:00 | Create | Villager (Male) |
| 2:12 | Build | House |
| 2:13 | Build | House |
| 2:18 | Research | Loom |
| 2:28 | Create | Villager (Male) |
| 2:54 | Build | Lumber Camp |
| 2:56 | Create | Villager (Male) |
| 3:12 | Create | Villager (Male) |
| 3:12 | Create | Villager (Male) |
| 3:41 | Create | Villager (Male) |
| 4:07 | Create | Villager (Male) |
| 4:25 | Create | Villager (Male) |
| 4:25 | Create | Villager (Male) |
| 4:39 | Build | Palisade Wall |
| 4:57 | Create | Villager (Male) |
| 4:58 | Create | Villager (Male) |
| 5:44 | Create | Villager (Male) |
| 6:42 | Create | Villager (Male) |
| 6:42 | Create | Villager (Male) |
| 7:02 | Create | Villager (Male) |
| 7:03 | Create | Villager (Male) |
| 7:05 | Create | Villager (Male) |
| 7:05 | Create | Villager (Male) |
| 7:20 | Build | Palisade Wall |
| 7:23 | Build | Palisade Wall |
| 7:24 | Build | Palisade Wall |
| 7:25 | Build | Palisade Wall |
| 7:27 | Create | Villager (Male) |
| 7:28 | Create | Villager (Male) |
| 7:43 | Build | Mill |
| 8:07 | Build | Palisade Wall |
| 8:09 | Build | Palisade Wall |
| 8:10 | Build | Palisade Wall |
| 8:11 | Build | Palisade Wall |
| 8:12 | Build | Palisade Wall |
| 8:14 | Build | Palisade Wall |
| 8:16 | Build | Palisade Wall |
| 8:21 | Build | Palisade Wall |
| 8:23 | Build | Palisade Wall |
| 8:26 | Create | Villager (Male) |
| 8:27 | Create | Villager (Male) |
| 8:27 | Create | Villager (Male) |
| 8:28 | Create | Villager (Male) |
| 8:44 | Research | Feudal Age |
| 10:19 | Create | Villager (Male) |
| 10:54 | Age | Feudal Age |
| 10:56 | Research | Wheelbarrow |
| 11:01 | Research | Double-Bit Axe |
| 11:43 | Build | House |
| 11:45 | Build | House |
| 11:47 | Create | Villager (Male) |
| 11:50 | Create | Villager (Male) |
| 11:59 | Build | Dock |
| 12:03 | Create | Villager (Male) |
| 12:53 | Create | Villager (Male) |
| 12:58 | Create | Fishing Ship |
| 13:09 | Build | Dock |
| 13:15 | Create | Villager (Male) |
| 13:55 | Create | Villager (Male) |
| 14:03 | Create | Fishing Ship |
| 14:03 | Create | Fishing Ship |
| 14:06 | Create | Villager (Male) |
| 14:26 | Build | Stone Wall |
| 14:27 | Build | Stone Wall |
| 14:28 | Build | Stone Wall |
| 14:29 | Build | Stone Wall |
| 14:30 | Build | Stone Wall |
| 14:31 | Build | Stone Wall |
| 14:42 | Build | Stone Wall |
| 14:47 | Create | Villager (Male) |
| 14:51 | Create | Fishing Ship |
| 14:51 | Create | Fishing Ship |
| 15:04 | Build | Mining Camp |
| 15:14 | Create | Villager (Male) |
| 15:25 | Create | Fishing Ship |
| 16:05 | Create | Villager (Male) |
| 16:17 | Build | Blacksmith |
| 16:31 | Build | Palisade Wall |
| 16:34 | Build | Palisade Wall |
| 16:36 | Build | Palisade Wall |
| 16:40 | Build | Outpost |
| 16:43 | Build | Palisade Wall |
| 16:51 | Create | Villager (Male) |
| 17:04 | Build | Market |
| 17:31 | Create | Villager (Male) |
| 18:13 | Research | Castle Age |
| 18:19 | Create | Fishing Ship |
| 18:19 | Create | Fishing Ship |
| 18:28 | Build | House |
| 18:29 | Build | House |
| 18:30 | Build | House |
| 18:31 | Build | House |
| 18:32 | Build | House |
| 18:33 | Build | House |
| 18:39 | Build | Fish Trap |
| 18:43 | Build | Fish Trap |
| 18:51 | Build | Fish Trap |
| 19:00 | Build | Outpost |
| 19:05 | Build | Palisade Wall |
| 19:06 | Build | Palisade Wall |
| 19:08 | Build | Palisade Wall |
| 19:12 | Build | Palisade Wall |
| 19:14 | Build | Palisade Wall |
| 19:19 | Create | Fishing Ship |
| 19:19 | Create | Fishing Ship |
| 19:23 | Research | Tech 906 |
| 20:03 | Build | Stone Wall |
| 20:18 | Build | Fish Trap |
| 20:23 | Build | Fish Trap |
| 20:26 | Build | Fish Trap |
| 20:46 | Build | Fish Trap |
| 20:49 | Build | Fish Trap |
| 20:50 | Build | Fish Trap |
| 20:53 | Age | Castle Age |
| 20:53 | Create | Fishing Ship |
| 20:53 | Create | Fishing Ship |
| 21:15 | Build | Town Center |
| 21:17 | Create | Villager (Male) |
| 21:18 | Create | Villager (Male) |
| 21:28 | Build | Stone Wall |
| 21:32 | Create | Villager (Male) |
| 21:40 | Research | Gillnets |
| 21:42 | Create | Villager (Male) |
| 22:01 | Create | Villager (Male) |
| 22:11 | Create | Villager (Male) |
| 22:18 | Create | Villager (Male) |
| 22:20 | Create | Villager (Male) |
| 22:32 | Create | Fishing Ship |
| 22:32 | Create | Fishing Ship |
| 22:35 | Create | Villager (Male) |
| 22:53 | Build | Stone Wall |
| 22:55 | Create | Villager (Male) |
| 23:10 | Build | Siege Workshop |
| 23:13 | Create | Villager (Male) |
| 23:14 | Create | Villager (Male) |
| 23:17 | Build | Fish Trap |
| 23:24 | Create | Villager (Male) |
| 23:30 | Build | Fish Trap |
| 23:34 | Create | Villager (Male) |
| 23:51 | Create | Mangonel |
Build order — Moe
First 150 of 581 actions detected
| 0:00 | Create | Villager (Male) |
| 0:01 | Create | Villager (Male) |
| 0:01 | Create | Villager (Male) |
| 0:01 | Create | Villager (Male) |
| 1:29 | Create | Villager (Male) |
| 1:30 | Create | Villager (Male) |
| 1:53 | Build | Lumber Camp |
| 1:58 | Create | Villager (Male) |
| 1:59 | Create | Villager (Male) |
| 2:22 | Create | Villager (Male) |
| 2:22 | Create | Villager (Male) |
| 2:52 | Create | Villager (Male) |
| 2:52 | Create | Villager (Male) |
| 3:09 | Create | Villager (Male) |
| 3:09 | Create | Villager (Male) |
| 3:43 | Create | Villager (Male) |
| 4:05 | Create | Villager (Male) |
| 4:05 | Create | Villager (Male) |
| 4:38 | Create | Villager (Male) |
| 4:38 | Create | Villager (Male) |
| 4:47 | Build | Palisade Wall |
| 4:50 | Build | Palisade Wall |
| 5:19 | Create | Villager (Male) |
| 5:19 | Create | Villager (Male) |
| 5:19 | Create | Villager (Male) |
| 5:36 | Build | Palisade Wall |
| 5:38 | Build | Palisade Wall |
| 5:39 | Build | Palisade Wall |
| 5:46 | Create | Villager (Male) |
| 6:37 | Build | Palisade Wall |
| 6:49 | Create | Villager (Male) |
| 6:57 | Build | Mill |
| 7:21 | Create | Villager (Male) |
| 7:21 | Create | Villager (Male) |
| 8:04 | Create | Villager (Male) |
| 8:37 | Build | Lumber Camp |
| 8:52 | Create | Villager (Male) |
| 8:53 | Create | Villager (Male) |
| 9:29 | Build | Mining Camp |
| 9:47 | Research | Feudal Age |
| 9:48 | Research | Feudal Age |
| 10:44 | Build | Farm |
| 10:45 | Build | Farm |
| 10:51 | Build | Farm |
| 10:52 | Build | Farm |
| 10:57 | Build | Farm |
| 11:57 | Age | Feudal Age |
| 12:04 | Build | Blacksmith |
| 12:05 | Create | Villager (Male) |
| 12:05 | Create | Villager (Male) |
| 12:13 | Create | Villager (Male) |
| 12:52 | Build | Market |
| 12:56 | Create | Villager (Male) |
| 13:37 | Build | Mining Camp |
| 13:43 | Research | Castle Age |
| 13:43 | Research | Castle Age |
| 13:50 | Build | Farm |
| 14:42 | Build | Farm |
| 14:43 | Build | Farm |
| 14:44 | Build | Farm |
| 14:49 | Research | Double-Bit Axe |
| 14:49 | Research | Double-Bit Axe |
| 15:02 | Research | Horse Collar |
| 15:02 | Research | Horse Collar |
| 16:25 | Age | Castle Age |
| 16:27 | Create | Villager (Male) |
| 16:27 | Create | Villager (Male) |
| 16:27 | Create | Villager (Male) |
| 16:35 | Build | Town Center |
| 17:04 | Build | Town Center |
| 17:08 | Create | Villager (Male) |
| 17:09 | Create | Villager (Male) |
| 17:19 | Create | Villager (Male) |
| 17:34 | Create | Villager (Male) |
| 17:34 | Create | Villager (Male) |
| 17:59 | Create | Villager (Male) |
| 17:59 | Create | Villager (Male) |
| 18:05 | Research | Wheelbarrow |
| 18:06 | Research | Wheelbarrow |
| 18:14 | Build | Town Center |
| 18:21 | Create | Villager (Male) |
| 18:39 | Create | Villager (Male) |
| 18:49 | Create | Villager (Male) |
| 18:49 | Create | Villager (Male) |
| 19:00 | Build | Farm |
| 19:02 | Build | Farm |
| 19:03 | Build | Farm |
| 19:04 | Build | Farm |
| 19:06 | Create | Villager (Male) |
| 19:06 | Create | Villager (Male) |
| 19:06 | Create | Villager (Male) |
| 19:19 | Create | Villager (Male) |
| 19:19 | Create | Villager (Male) |
| 19:30 | Build | Farm |
| 19:31 | Build | Farm |
| 19:32 | Build | Farm |
| 19:33 | Build | Farm |
| 19:41 | Build | Farm |
| 19:42 | Build | Farm |
| 19:44 | Build | Farm |
| 19:47 | Create | Villager (Male) |
| 19:47 | Create | Villager (Male) |
| 19:51 | Build | Farm |
| 19:53 | Create | Villager (Male) |
| 19:53 | Create | Villager (Male) |
| 20:01 | Create | Villager (Male) |
| 20:02 | Create | Villager (Male) |
| 20:18 | Create | Villager (Male) |
| 20:19 | Create | Villager (Male) |
| 20:19 | Create | Villager (Male) |
| 20:29 | Create | Villager (Male) |
| 20:29 | Create | Villager (Male) |
| 20:35 | Create | Villager (Male) |
| 20:35 | Create | Villager (Male) |
| 20:43 | Build | Farm |
| 20:44 | Build | Farm |
| 20:48 | Build | Farm |
| 20:51 | Create | Villager (Male) |
| 20:51 | Create | Villager (Male) |
| 20:52 | Create | Villager (Male) |
| 20:55 | Create | Villager (Male) |
| 21:12 | Build | Farm |
| 21:13 | Build | Farm |
| 21:19 | Create | Villager (Male) |
| 21:19 | Create | Villager (Male) |
| 21:23 | Build | Farm |
| 21:30 | Build | Farm |
| 21:32 | Build | Farm |
| 21:33 | Build | Farm |
| 21:34 | Build | Farm |
| 21:38 | Build | Farm |
| 21:42 | Create | Villager (Male) |
| 21:42 | Create | Villager (Male) |
| 21:44 | Create | Villager (Male) |
| 21:45 | Create | Villager (Male) |
| 21:48 | Build | Farm |
| 21:52 | Build | Farm |
| 21:52 | Build | Farm |
| 21:55 | Create | Villager (Male) |
| 22:00 | Create | Villager (Male) |
| 22:00 | Create | Villager (Male) |
| 22:04 | Build | Farm |
| 22:15 | Create | Villager (Male) |
| 22:30 | Build | Farm |
| 22:34 | Build | Farm |
| 22:35 | Build | Farm |
| 22:37 | Build | Farm |
| 22:41 | Build | Farm |
| 22:43 | Build | Farm |
| 22:48 | Build | Farm |
Build order — shadow++
First 150 of 687 actions detected
| 0:02 | Create | Villager (Male) |
| 0:02 | Create | Villager (Male) |
| 0:02 | Create | Villager (Male) |
| 0:03 | Create | Villager (Male) |
| 0:03 | Create | Villager (Male) |
| 0:05 | Build | House |
| 0:08 | Build | House |
| 1:27 | Create | Villager (Male) |
| 1:27 | Create | Villager (Male) |
| 1:51 | Research | Loom |
| 2:13 | Build | Lumber Camp |
| 2:15 | Create | Villager (Male) |
| 2:15 | Create | Villager (Male) |
| 2:37 | Build | Palisade Wall |
| 2:44 | Create | Villager (Male) |
| 2:44 | Create | Villager (Male) |
| 2:44 | Create | Villager (Male) |
| 3:02 | Create | Villager (Male) |
| 3:02 | Create | Villager (Male) |
| 3:02 | Create | Villager (Male) |
| 3:15 | Create | Villager (Male) |
| 3:15 | Create | Villager (Male) |
| 3:34 | Build | House |
| 4:03 | Create | Villager (Male) |
| 4:04 | Create | Villager (Male) |
| 4:17 | Build | Palisade Wall |
| 4:44 | Create | Villager (Male) |
| 4:44 | Create | Villager (Male) |
| 4:44 | Create | Villager (Male) |
| 5:15 | Create | Villager (Male) |
| 5:15 | Create | Villager (Male) |
| 5:36 | Build | Mill |
| 6:00 | Create | Villager (Male) |
| 6:00 | Create | Villager (Male) |
| 6:05 | Create | Villager (Male) |
| 6:05 | Create | Villager (Male) |
| 6:05 | Create | Villager (Male) |
| 6:05 | Create | Villager (Male) |
| 6:18 | Create | Villager (Male) |
| 6:18 | Create | Villager (Male) |
| 6:48 | Create | Villager (Male) |
| 6:48 | Create | Villager (Male) |
| 6:57 | Build | House |
| 8:18 | Create | Villager (Male) |
| 8:52 | Build | Farm |
| 8:56 | Build | Farm |
| 9:00 | Create | Villager (Male) |
| 9:01 | Create | Villager (Male) |
| 9:02 | Create | Villager (Male) |
| 9:02 | Create | Villager (Male) |
| 9:32 | Build | House |
| 9:41 | Research | Feudal Age |
| 9:57 | Build | Farm |
| 10:06 | Build | Mining Camp |
| 10:54 | Build | House |
| 10:57 | Build | House |
| 11:16 | Build | Dock |
| 11:51 | Age | Feudal Age |
| 11:58 | Build | Stone Wall |
| 12:18 | Create | Fishing Ship |
| 12:45 | Build | Market |
| 12:51 | Build | Blacksmith |
| 12:54 | Create | Villager (Male) |
| 12:55 | Create | Villager (Male) |
| 12:55 | Create | Villager (Male) |
| 13:53 | Build | Farm |
| 13:59 | Create | Fishing Ship |
| 14:05 | Research | Castle Age |
| 14:05 | Research | Castle Age |
| 14:05 | Research | Castle Age |
| 14:22 | Build | Stone Wall |
| 14:34 | Create | Fishing Ship |
| 14:35 | Create | Fishing Ship |
| 14:35 | Create | Fishing Ship |
| 14:58 | Research | Double-Bit Axe |
| 15:10 | Create | Fishing Ship |
| 15:10 | Create | Fishing Ship |
| 15:21 | Build | House |
| 15:32 | Build | Stone Wall |
| 15:46 | Create | Villager (Male) |
| 15:46 | Create | Villager (Male) |
| 15:46 | Create | Villager (Male) |
| 15:55 | Build | Mining Camp |
| 16:09 | Create | Fishing Ship |
| 16:09 | Create | Fishing Ship |
| 16:19 | Build | House |
| 16:26 | Build | Outpost |
| 16:27 | Build | Outpost |
| 16:29 | Build | Outpost |
| 16:33 | Build | Outpost |
| 16:39 | Build | House |
| 16:49 | Age | Castle Age |
| 17:04 | Create | Fishing Ship |
| 17:04 | Create | Fishing Ship |
| 17:28 | Create | Villager (Male) |
| 17:44 | Build | Town Center |
| 18:09 | Create | Villager (Male) |
| 18:09 | Create | Villager (Male) |
| 19:04 | Build | Town Center |
| 19:24 | Build | Town Center |
| 19:28 | Create | Villager (Male) |
| 19:28 | Create | Villager (Male) |
| 19:28 | Create | Villager (Male) |
| 19:28 | Create | Villager (Male) |
| 19:40 | Build | Fish Trap |
| 19:48 | Build | Fish Trap |
| 19:50 | Create | Villager (Male) |
| 19:51 | Create | Villager (Male) |
| 19:58 | Create | Villager (Male) |
| 19:58 | Create | Villager (Male) |
| 19:59 | Create | Villager (Male) |
| 19:59 | Create | Villager (Male) |
| 19:59 | Create | Villager (Male) |
| 20:15 | Research | Bow Saw |
| 20:15 | Research | Bow Saw |
| 20:22 | Create | Villager (Male) |
| 20:23 | Create | Villager (Male) |
| 20:23 | Create | Villager (Male) |
| 21:00 | Build | Fish Trap |
| 21:11 | Build | Fish Trap |
| 21:16 | Build | Fish Trap |
| 21:21 | Build | Fish Trap |
| 21:26 | Create | Fishing Ship |
| 21:32 | Create | Villager (Male) |
| 21:33 | Create | Villager (Male) |
| 21:33 | Create | Villager (Male) |
| 21:33 | Create | Villager (Male) |
| 21:41 | Build | Farm |
| 21:42 | Build | Farm |
| 22:07 | Build | Dock |
| 22:14 | Build | Farm |
| 22:16 | Build | Farm |
| 22:32 | Create | Villager (Male) |
| 22:32 | Create | Villager (Male) |
| 22:32 | Create | Villager (Male) |
| 22:39 | Build | Fish Trap |
| 22:51 | Create | Villager (Male) |
| 22:52 | Create | Villager (Male) |
| 22:52 | Create | Villager (Male) |
| 22:52 | Create | Villager (Male) |
| 23:19 | Build | Castle |
| 23:23 | Create | Villager (Male) |
| 23:23 | Create | Villager (Male) |
| 23:23 | Create | Villager (Male) |
| 23:30 | Build | Farm |
| 23:45 | Create | Villager (Male) |
| 23:46 | Create | Villager (Male) |
| 23:58 | Build | Farm |
| 24:00 | Build | Farm |
| 24:02 | Build | Farm |
Build order — Cuauhocelotl831
First 150 of 180 actions detected
| 0:05 | Create | Villager (Male) ×4 |
| 0:11 | Build | House |
| 0:13 | Build | House |
| 1:24 | Research | Loom |
| 1:56 | Create | Villager (Male) |
| 2:24 | Create | Villager (Male) |
| 2:24 | Create | Villager (Male) |
| 3:04 | Create | Villager (Male) |
| 3:23 | Create | Villager (Male) |
| 3:25 | Create | Villager (Male) |
| 4:10 | Create | Villager (Male) |
| 4:11 | Create | Villager (Male) |
| 4:20 | Create | Villager (Male) |
| 5:04 | Create | Villager (Male) ×2 |
| 5:33 | Build | Lumber Camp |
| 6:09 | Build | Mill |
| 6:24 | Build | House |
| 6:25 | Build | House |
| 8:28 | Build | Dock |
| 8:41 | Create | Villager (Male) |
| 10:50 | Research | Feudal Age |
| 11:16 | Create | Fishing Ship ×5 |
| 11:16 | Create | Fishing Ship ×2 |
| 12:44 | Build | Dock |
| 13:01 | Research | Wheelbarrow |
| 13:07 | Create | Villager (Male) ×3 |
| 14:00 | Create | Villager (Male) ×5 |
| 14:43 | Build | House |
| 14:45 | Build | House |
| 14:47 | Build | House |
| 14:48 | Build | House |
| 15:27 | Build | Stone Wall |
| 15:45 | Research | Tech 906 |
| 15:49 | Create | Fishing Ship ×5 |
| 15:50 | Create | Fishing Ship ×2 |
| 16:08 | Research | Double-Bit Axe |
| 16:36 | Build | Mining Camp |
| 17:21 | Build | Mining Camp |
| 17:27 | Build | Outpost |
| 17:41 | Create | Villager (Male) |
| 17:42 | Create | Villager (Male) |
| 17:42 | Create | Villager (Male) |
| 17:43 | Create | Villager (Male) |
| 17:48 | Build | Fish Trap |
| 17:50 | Build | Fish Trap |
| 17:54 | Build | Fish Trap |
| 19:12 | Build | Fish Trap |
| 19:14 | Build | Fish Trap |
| 19:23 | Build | Fish Trap |
| 19:25 | Build | Fish Trap |
| 19:30 | Build | Fish Trap |
| 19:32 | Build | Fish Trap |
| 19:46 | Build | Stone Wall |
| 20:03 | Build | Fish Trap |
| 20:18 | Build | Fish Trap |
| 20:25 | Build | Fish Trap |
| 20:28 | Build | Fish Trap |
| 20:48 | Build | Lumber Camp |
| 20:57 | Build | Market |
| 21:02 | Build | Blacksmith |
| 21:04 | Create | Villager (Male) |
| 21:05 | Create | Villager (Male) |
| 21:05 | Create | Villager (Male) |
| 21:13 | Create | Fishing Ship ×2 |
| 22:07 | Build | Fish Trap |
| 22:19 | Build | Fish Trap |
| 22:38 | Build | Mining Camp |
| 22:49 | Build | Fish Trap |
| 23:16 | Research | Castle Age |
| 24:23 | Build | Watch Tower |
| 24:45 | Create | Fishing Ship |
| 24:45 | Create | Fishing Ship |
| 25:08 | Build | House |
| 25:09 | Build | House |
| 25:51 | Build | Fish Trap |
| 26:01 | Research | Gillnets |
| 26:10 | Build | Town Center |
| 26:17 | Build | Town Center |
| 26:22 | Research | Stone Mining |
| 26:28 | Research | Hand Cart |
| 26:40 | Build | Fish Trap |
| 27:17 | Build | Town Center |
| 27:35 | Build | Town Center |
| 28:03 | Build | House |
| 28:05 | Build | House |
| 28:07 | Build | House |
| 28:12 | Build | House |
| 28:15 | Build | House |
| 28:16 | Build | House |
| 29:13 | Research | Town Watch |
| 29:23 | Build | House |
| 29:25 | Build | House |
| 29:27 | Build | House |
| 29:29 | Build | House |
| 29:39 | Create | Villager (Male) ×5 |
| 29:41 | Create | Villager (Male) ×5 |
| 29:42 | Create | Villager (Male) ×5 |
| 29:43 | Create | Villager (Male) ×5 |
| 29:43 | Create | Villager (Male) ×5 |
| 29:43 | Create | Villager (Male) ×5 |
| 29:44 | Create | Villager (Male) ×5 |
| 29:44 | Create | Villager (Male) |
| 29:56 | Build | House |
| 29:59 | Build | House |
| 30:01 | Build | House |
| 30:04 | Build | House |
| 30:36 | Research | Town Patrol |
| 31:27 | Build | Castle |
| 33:09 | Build | Siege Workshop |
| 33:11 | Build | Siege Workshop |
| 33:19 | Build | House |
| 33:20 | Build | House |
| 33:22 | Build | House |
| 33:26 | Research | Bow Saw |
| 33:32 | Build | Lumber Camp |
| 33:35 | Research | Imperial Age |
| 33:54 | Build | Barracks |
| 34:06 | Build | Monastery |
| 34:35 | Create | Monk |
| 34:36 | Create | Monk |
| 34:42 | Build | Lumber Camp |
| 35:12 | Build | Market |
| 35:44 | Create | Mangonel ×5 |
| 35:58 | Build | Monastery |
| 36:14 | Create | Jaguar Warrior ×5 |
| 36:14 | Create | Jaguar Warrior ×5 |
| 37:08 | Research | Onager (upgrade) |
| 37:19 | Research | Caravan |
| 37:28 | Build | House |
| 37:30 | Build | House |
| 37:50 | Create | Villager (Male) ×4 |
| 38:48 | Create | Trebuchet (Packed) ×5 |
| 38:51 | Research | Forging |
| 38:51 | Research | Scale Mail Armor |
| 39:08 | Build | Mining Camp |
| 39:22 | Build | Market |
| 39:27 | Create | Trade Cart ×5 |
| 39:29 | Create | Trade Cart ×5 |
| 39:29 | Create | Trade Cart |
| 39:43 | Build | House |
| 39:44 | Build | House |
| 40:00 | Build | Farm |
| 40:05 | Build | Farm |
| 41:33 | Create | Villager (Male) ×5 |
| 41:33 | Create | Villager (Male) ×5 |
| 41:34 | Create | Villager (Male) ×5 |
| 41:43 | Build | Lumber Camp |
| 43:01 | Create | Mangonel ×5 |
| 44:44 | Research | Siege Onager (upgrade) |
| 47:12 | Create | Villager (Male) ×5 |
Build order — chapacha1705
First 150 of 339 actions detected
| 0:11 | Research | Loom |
| 0:12 | Create | Villager (Male) |
| 0:12 | Create | Villager (Male) |
| 0:13 | Create | Villager (Male) |
| 0:13 | Create | Villager (Male) |
| 0:37 | Build | Palisade Gate |
| 0:41 | Build | House |
| 0:45 | Build | House |
| 0:55 | Build | House |
| 1:00 | Build | Palisade Wall |
| 1:14 | Build | Palisade Wall |
| 2:39 | Create | Villager (Male) |
| 2:39 | Create | Villager (Male) |
| 2:39 | Create | Villager (Male) |
| 3:25 | Create | Villager (Male) |
| 3:26 | Create | Villager (Male) |
| 3:51 | Create | Villager (Male) |
| 3:51 | Create | Villager (Male) |
| 3:52 | Create | Villager (Male) |
| 4:07 | Create | Villager (Male) |
| 4:07 | Create | Villager (Male) |
| 4:07 | Create | Villager (Male) |
| 4:23 | Create | Villager (Male) |
| 4:23 | Create | Villager (Male) |
| 4:48 | Create | Villager (Male) |
| 4:49 | Create | Villager (Male) |
| 5:27 | Create | Villager (Male) |
| 5:27 | Create | Villager (Male) |
| 5:28 | Create | Villager (Male) |
| 6:05 | Build | Lumber Camp |
| 6:08 | Create | Villager (Male) |
| 6:08 | Create | Villager (Male) |
| 6:36 | Create | Villager (Male) |
| 6:36 | Create | Villager (Male) |
| 6:44 | Build | House |
| 6:49 | Build | House |
| 7:01 | Create | Villager (Male) |
| 7:01 | Create | Villager (Male) |
| 7:33 | Create | Villager (Male) |
| 7:33 | Create | Villager (Male) |
| 7:43 | Create | Villager (Male) |
| 7:51 | Build | Farm |
| 7:52 | Build | Farm |
| 7:53 | Build | Farm |
| 7:55 | Build | Farm |
| 8:27 | Build | Farm |
| 8:30 | Create | Villager (Male) |
| 8:30 | Create | Villager (Male) |
| 8:30 | Create | Villager (Male) |
| 9:10 | Build | Mining Camp |
| 9:22 | Create | Villager (Male) |
| 9:22 | Create | Villager (Male) |
| 9:22 | Create | Villager (Male) |
| 9:26 | Create | Villager (Male) |
| 9:26 | Create | Villager (Male) |
| 9:32 | Build | Farm |
| 9:33 | Build | Farm |
| 10:02 | Create | Villager (Male) |
| 10:02 | Create | Villager (Male) |
| 10:07 | Build | Farm |
| 10:09 | Build | Farm |
| 10:37 | Create | Villager (Male) |
| 10:37 | Create | Villager (Male) |
| 10:56 | Create | Villager (Male) |
| 10:56 | Create | Villager (Male) |
| 11:01 | Build | Farm |
| 11:03 | Build | Farm |
| 11:04 | Build | Farm |
| 11:08 | Create | Villager (Male) |
| 11:09 | Create | Villager (Male) |
| 11:38 | Create | Villager (Male) |
| 11:38 | Create | Villager (Male) |
| 11:47 | Build | Farm |
| 11:49 | Build | Farm |
| 12:25 | Create | Villager (Male) |
| 12:26 | Create | Villager (Male) |
| 12:35 | Build | Barracks |
| 12:56 | Build | House |
| 13:00 | Build | House |
| 13:19 | Create | Militia |
| 13:19 | Create | Militia |
| 13:20 | Create | Militia |
| 13:20 | Create | Militia |
| 13:48 | Build | Farm |
| 15:07 | Research | Feudal Age |
| 15:17 | Build | Farm |
| 16:26 | Build | House |
| 16:50 | Build | House |
| 16:52 | Build | House |
| 16:56 | Build | House |
| 17:17 | Age | Feudal Age |
| 17:20 | Research | Wheelbarrow |
| 17:21 | Research | Town Watch |
| 17:31 | Build | Market |
| 18:07 | Build | Mill |
| 18:55 | Research | Castle Age |
| 19:59 | Build | Gate |
| 20:03 | Build | Stone Wall |
| 20:06 | Build | Stone Wall |
| 20:08 | Build | Stone Wall |
| 20:09 | Build | Stone Wall |
| 20:10 | Build | Stone Wall |
| 20:15 | Build | Stone Wall |
| 20:18 | Build | Stone Wall |
| 20:21 | Build | Stone Wall |
| 20:39 | Build | Gate |
| 20:44 | Build | Stone Wall |
| 20:50 | Build | Watch Tower |
| 21:40 | Age | Castle Age |
| 21:45 | Build | Town Center |
| 22:44 | Build | Town Center |
| 22:52 | Create | Villager (Male) ×5 |
| 22:52 | Create | Villager (Male) ×5 |
| 23:45 | Build | Farm |
| 23:50 | Create | Villager (Male) ×5 |
| 23:51 | Create | Villager (Male) ×5 |
| 23:59 | Research | Double-Bit Axe |
| 24:04 | Research | Horse Collar |
| 24:24 | Research | Stone Mining |
| 24:43 | Create | Villager (Male) ×4 |
| 24:53 | Build | Farm |
| 24:54 | Build | Farm |
| 24:55 | Build | Farm |
| 24:56 | Build | Farm |
| 24:58 | Build | Farm |
| 25:02 | Build | Farm |
| 25:10 | Build | Farm |
| 25:16 | Create | Villager (Male) ×4 |
| 25:40 | Research | Bow Saw |
| 25:56 | Research | Heavy Plow |
| 26:00 | Build | Farm |
| 26:21 | Build | Farm |
| 26:22 | Build | Farm |
| 26:24 | Build | Farm |
| 26:25 | Build | Farm |
| 26:27 | Build | Farm |
| 26:28 | Build | Farm |
| 26:33 | Create | Villager (Male) ×5 |
| 26:41 | Build | Farm |
| 26:45 | Build | Farm |
| 27:37 | Build | Castle |
| 27:50 | Build | Mining Camp |
| 29:12 | Build | Farm |
| 29:14 | Build | Farm |
| 29:19 | Build | Farm |
| 29:31 | Create | Ballista Elephant ×5 |
| 29:48 | Build | Farm |
| 29:53 | Research | Stone Shaft Mining |
| 30:46 | Build | Farm |
| 30:47 | Build | Farm |
Build order — NthEagle7752776
First 150 of 276 actions detected
| 0:41 | Research | Loom |
| 1:08 | Build | Palisade Wall |
| 1:44 | Build | House |
| 1:48 | Build | House |
| 1:52 | Build | House |
| 2:05 | Create | Villager (Male) |
| 2:05 | Create | Villager (Male) |
| 2:23 | Build | House |
| 2:55 | Create | Villager (Male) |
| 2:55 | Create | Villager (Male) |
| 2:55 | Create | Villager (Male) |
| 3:21 | Build | House |
| 3:37 | Create | Villager (Male) |
| 3:37 | Create | Villager (Male) |
| 4:09 | Create | Villager (Male) |
| 4:09 | Create | Villager (Male) |
| 4:24 | Create | Villager (Male) |
| 4:24 | Create | Villager (Male) |
| 4:55 | Create | Villager (Male) |
| 4:55 | Create | Villager (Male) |
| 5:36 | Create | Villager (Male) |
| 5:36 | Create | Villager (Male) |
| 5:37 | Create | Villager (Male) |
| 6:25 | Build | Mill |
| 6:32 | Create | Villager (Male) ×2 |
| 6:32 | Create | Villager (Male) ×2 |
| 8:40 | Build | Lumber Camp |
| 8:44 | Create | Villager (Male) |
| 8:45 | Create | Villager (Male) |
| 8:45 | Create | Villager (Male) |
| 8:45 | Create | Villager (Male) |
| 8:46 | Create | Villager (Male) |
| 8:46 | Create | Villager (Male) |
| 8:47 | Create | Villager (Male) |
| 8:47 | Create | Villager (Male) |
| 8:48 | Create | Villager (Male) |
| 9:11 | Build | Mill |
| 9:37 | Build | Lumber Camp |
| 9:51 | Create | Villager (Male) |
| 10:36 | Create | Villager (Male) |
| 11:48 | Build | Mining Camp |
| 12:24 | Create | Villager (Male) |
| 12:28 | Research | Feudal Age |
| 14:06 | Build | Farm |
| 14:07 | Build | Farm |
| 14:08 | Build | Farm |
| 14:10 | Build | Farm |
| 14:16 | Build | Farm |
| 14:19 | Build | Farm |
| 14:21 | Build | Farm |
| 14:24 | Build | Farm |
| 15:30 | Create | Villager (Male) ×5 |
| 16:01 | Build | Farm |
| 16:18 | Build | Blacksmith |
| 16:23 | Build | Market |
| 16:36 | Build | Farm |
| 16:51 | Build | Farm |
| 17:18 | Build | Farm |
| 17:21 | Research | Castle Age |
| 17:48 | Build | House |
| 17:49 | Build | House |
| 17:51 | Build | House |
| 17:52 | Build | House |
| 17:54 | Build | House |
| 17:55 | Build | House |
| 18:06 | Research | Double-Bit Axe |
| 18:09 | Research | Horse Collar |
| 18:27 | Build | Mining Camp |
| 19:29 | Build | Farm |
| 19:31 | Build | Farm |
| 19:33 | Build | Farm |
| 19:34 | Build | Farm |
| 19:43 | Research | Stone Mining |
| 20:21 | Build | Monastery |
| 20:27 | Build | Town Center |
| 20:33 | Build | Town Center |
| 20:44 | Create | Villager (Male) ×5 |
| 20:47 | Create | Monk |
| 21:08 | Build | Mining Camp |
| 21:10 | Research | Bow Saw |
| 21:18 | Build | Farm |
| 21:20 | Research | Heavy Plow |
| 21:39 | Build | Farm |
| 21:57 | Create | Villager (Male) ×5 |
| 22:07 | Build | Farm |
| 22:12 | Create | Villager (Male) |
| 22:22 | Research | Gold Mining |
| 22:26 | Research | Stone Shaft Mining |
| 22:44 | Build | Farm |
| 22:53 | Create | Villager (Male) ×5 |
| 23:03 | Build | Farm |
| 23:12 | Create | Villager (Male) ×4 |
| 23:19 | Build | Farm |
| 23:35 | Research | Gold Shaft Mining |
| 23:46 | Build | Farm |
| 23:53 | Create | Villager (Male) ×3 |
| 24:36 | Build | Town Center |
| 24:42 | Build | Farm |
| 24:43 | Build | Farm |
| 24:45 | Build | Farm |
| 24:46 | Build | Farm |
| 24:47 | Build | Farm |
| 24:56 | Build | Farm |
| 25:10 | Build | Mill |
| 25:14 | Create | Villager (Male) ×5 |
| 25:19 | Create | Villager (Male) ×5 |
| 25:22 | Create | Villager (Male) ×3 |
| 25:42 | Build | Farm |
| 25:43 | Build | Farm |
| 25:44 | Build | Farm |
| 25:52 | Build | Farm |
| 25:57 | Create | Villager (Male) ×5 |
| 26:02 | Create | Villager (Male) |
| 26:11 | Create | Villager (Male) ×2 |
| 26:44 | Build | Farm |
| 26:45 | Build | Farm |
| 26:59 | Build | Mining Camp |
| 27:03 | Create | Villager (Male) ×5 |
| 27:14 | Build | Farm |
| 27:18 | Create | Villager (Male) ×5 |
| 27:31 | Build | Farm |
| 27:44 | Create | Villager (Male) ×5 |
| 27:50 | Create | Villager (Male) ×5 |
| 27:54 | Create | Villager (Male) |
| 27:59 | Create | Villager (Male) |
| 28:10 | Build | Mining Camp |
| 28:36 | Research | Fletching |
| 28:37 | Research | Padded Archer Armor |
| 28:54 | Build | Farm |
| 29:01 | Research | Wheelbarrow |
| 30:04 | Build | Castle |
| 30:18 | Research | Hand Cart |
| 30:25 | Research | Town Watch |
| 30:28 | Create | Villager (Male) ×5 |
| 30:34 | Create | Villager (Male) ×5 |
| 30:52 | Create | Villager (Male) ×5 |
| 31:23 | Build | Barracks |
| 31:33 | Build | Siege Workshop |
| 32:04 | Build | Castle |
| 32:14 | Research | Forging |
| 32:15 | Research | Scale Mail Armor |
| 32:16 | Research | Bodkin Arrow |
| 32:23 | Create | Fire Lancer ×5 |
| 32:23 | Create | Fire Lancer ×5 |
| 32:24 | Create | Fire Lancer ×5 |
| 32:24 | Create | Fire Lancer ×5 |
| 32:34 | Create | Chu Ko Nu ×5 |
| 32:34 | Create | Chu Ko Nu ×5 |
| 32:34 | Create | Chu Ko Nu ×5 |
| 32:35 | Create | Chu Ko Nu ×5 |
Build order — SebastiánIgnacio
First 150 of 393 actions detected
| 0:02 | Create | Villager (Male) ×4 |
| 0:04 | Build | House |
| 0:06 | Build | House |
| 1:50 | Build | Palisade Wall |
| 1:54 | Create | Villager (Male) |
| 1:55 | Create | Villager (Male) |
| 1:55 | Create | Villager (Male) |
| 2:10 | Build | Mule Cart |
| 2:32 | Create | Villager (Male) |
| 3:02 | Create | Villager (Male) |
| 3:26 | Build | House |
| 3:31 | Create | Villager (Male) |
| 3:31 | Create | Villager (Male) |
| 3:57 | Create | Villager (Male) |
| 4:17 | Build | House |
| 4:26 | Create | Villager (Male) |
| 4:55 | Create | Villager (Male) |
| 5:16 | Create | Villager (Male) |
| 5:40 | Create | Villager (Male) |
| 5:54 | Research | Loom |
| 6:19 | Create | Villager (Male) |
| 6:59 | Create | Villager (Male) |
| 6:59 | Create | Villager (Male) |
| 7:19 | Build | Mill |
| 7:50 | Create | Villager (Male) |
| 8:03 | Build | Mule Cart |
| 8:12 | Create | Villager (Male) |
| 8:43 | Create | Villager (Male) |
| 9:00 | Research | Feudal Age |
| 9:28 | Build | House |
| 9:41 | Build | Dock |
| 10:21 | Research | Loom |
| 10:52 | Create | Villager (Male) |
| 10:59 | Build | Barracks |
| 11:08 | Create | Villager (Male) |
| 11:18 | Age | Feudal Age |
| 11:33 | Research | Double-Bit Axe |
| 11:51 | Create | Demolition Raft |
| 12:17 | Build | Blacksmith |
| 12:32 | Create | Militia |
| 12:33 | Create | Militia |
| 12:33 | Create | Militia |
| 12:43 | Build | House |
| 12:47 | Create | Villager (Male) |
| 13:10 | Create | Villager (Male) |
| 13:17 | Build | Market |
| 13:24 | Create | Fishing Ship |
| 13:31 | Build | House |
| 13:36 | Create | Militia |
| 13:38 | Research | Man-at-Arms (upgrade) |
| 13:42 | Create | Villager (Male) |
| 14:03 | Build | House |
| 14:12 | Create | Villager (Male) |
| 14:20 | Create | Fishing Ship |
| 14:40 | Create | Villager (Male) |
| 14:55 | Build | Gate |
| 15:00 | Build | Stone Wall |
| 15:02 | Build | Stone Wall |
| 15:03 | Build | Stone Wall |
| 15:08 | Create | Villager (Male) |
| 15:14 | Create | Fishing Ship |
| 15:26 | Build | Farm |
| 15:35 | Create | Villager (Male) |
| 15:37 | Build | Farm |
| 15:58 | Create | Villager (Male) |
| 16:02 | Build | Farm |
| 16:08 | Build | Farm |
| 16:12 | Build | Farm |
| 16:12 | Build | Farm |
| 16:33 | Build | House |
| 16:42 | Research | Castle Age |
| 16:42 | Research | Castle Age |
| 17:11 | Create | Villager (Male) |
| 17:11 | Create | Villager (Male) |
| 17:25 | Build | Barracks |
| 17:34 | Build | House |
| 17:36 | Build | House |
| 17:50 | Research | Forging |
| 18:19 | Research | Long Swordsman (upgrade) |
| 18:44 | Create | Militia |
| 18:45 | Create | Militia |
| 18:47 | Research | Scale Mail Armor |
| 18:54 | Build | House |
| 19:11 | Build | Farm |
| 19:12 | Create | Villager (Male) |
| 19:21 | Build | Fish Trap |
| 19:22 | Age | Castle Age |
| 19:25 | Build | Fish Trap |
| 19:29 | Research | Bow Saw |
| 19:39 | Build | Mule Cart |
| 19:58 | Build | Fish Trap |
| 20:03 | Create | Demolition Raft |
| 20:07 | Create | Fishing Ship |
| 20:09 | Create | Villager (Male) |
| 20:28 | Build | Siege Workshop |
| 20:33 | Research | Arson |
| 20:33 | Research | Arson |
| 20:41 | Build | Farm |
| 20:43 | Build | Farm |
| 20:46 | Create | Villager (Male) |
| 20:51 | Build | Fish Trap |
| 20:53 | Create | Villager (Male) |
| 21:04 | Build | Mule Cart |
| 21:10 | Create | Battering Ram |
| 21:30 | Build | Farm |
| 21:31 | Create | Villager (Male) |
| 21:31 | Create | Villager (Male) |
| 21:45 | Research | Squires |
| 21:45 | Research | Squires |
| 21:52 | Create | Battering Ram |
| 22:06 | Create | Militia |
| 22:06 | Create | Militia |
| 22:13 | Build | Farm |
| 22:18 | Build | Town Center |
| 22:24 | Create | Villager (Male) |
| 22:24 | Create | Villager (Male) |
| 22:31 | Create | Fishing Ship |
| 22:54 | Create | Militia |
| 22:54 | Create | Militia |
| 23:04 | Create | Battering Ram |
| 23:09 | Build | Farm |
| 23:10 | Research | Horse Collar |
| 23:22 | Build | Fish Trap |
| 23:29 | Research | Gambesons |
| 23:29 | Research | Gambesons |
| 23:32 | Create | Militia |
| 23:33 | Create | Militia |
| 23:43 | Build | Farm |
| 23:49 | Build | Monastery |
| 23:55 | Create | Villager (Male) |
| 23:56 | Create | Villager (Male) |
| 24:00 | Build | Farm |
| 24:08 | Create | Militia |
| 24:09 | Create | Militia |
| 24:28 | Create | Villager (Male) |
| 24:28 | Create | Villager (Male) |
| 24:28 | Create | Villager (Male) |
| 24:33 | Build | Farm |
| 24:33 | Build | Farm |
| 24:33 | Build | Farm |
| 24:37 | Create | Villager (Male) |
| 24:37 | Create | Villager (Male) |
| 25:18 | Build | Farm |
| 25:20 | Build | Farm |
| 25:22 | Build | Farm |
| 25:23 | Build | Farm |
| 25:26 | Create | Villager (Male) |
| 25:26 | Create | Villager (Male) |
| 25:32 | Build | Town Center |
| 25:51 | Build | House |
Match timeline
| 1:00 | chapacha1705 · wall_segment Palisade Wall x1 |
| 1:08 | NthEagle7752776 · wall_segment Palisade Wall x9 |
| 1:14 | chapacha1705 · wall_segment Palisade Wall x1 |
| 1:50 | SebastiánIgnacio · wall_segment Palisade Wall x5 |
| 2:37 | shadow++ · wall_segment Palisade Wall x11 |
| 4:17 | shadow++ · wall_segment Palisade Wall x7 |
| 4:39 | kingjohnkk · wall_segment Palisade Wall x8 |
| 4:47 | Moe · wall_segment Palisade Wall x5 |
| 4:50 | Moe · wall_segment Palisade Wall x4 |
| 5:36 | Moe · wall_segment Palisade Wall x3 |
| 5:38 | Moe · wall_segment Palisade Wall x1 |
| 5:39 | Moe · wall_segment Palisade Wall x1 |
| 6:37 | Moe · wall_segment Palisade Wall x1 |
| 7:20 | kingjohnkk · wall_segment Palisade Wall x1 |
| 7:23 | kingjohnkk · wall_segment Palisade Wall x1 |
| 7:24 | kingjohnkk · wall_segment Palisade Wall x1 |
| 7:25 | kingjohnkk · wall_segment Palisade Wall x1 |
| 8:07 | kingjohnkk · wall_segment Palisade Wall x1 |
| 8:09 | kingjohnkk · wall_segment Palisade Wall x1 |
| 8:10 | kingjohnkk · wall_segment Palisade Wall x1 |
| 8:11 | kingjohnkk · wall_segment Palisade Wall x1 |
| 8:12 | kingjohnkk · wall_segment Palisade Wall x1 |
| 8:14 | kingjohnkk · wall_segment Palisade Wall x1 |
| 8:16 | kingjohnkk · wall_segment Palisade Wall x1 |
| 8:21 | kingjohnkk · wall_segment Palisade Wall x3 |
| 8:23 | kingjohnkk · wall_segment Palisade Wall x1 |
| 8:28 | Cuauhocelotl831 · first_building Dock |
| 9:41 | SebastiánIgnacio · first_building Dock |
| 10:54 | kingjohnkk · age_up feudal |
| 10:59 | SebastiánIgnacio · first_building Barracks |
| 11:13 | The Law · age_up feudal |
| 11:16 | shadow++ · first_building Dock |
| 11:18 | SebastiánIgnacio · age_up feudal |
| 11:51 | shadow++ · age_up feudal |
| 11:57 | Moe · age_up feudal |
| 11:58 | shadow++ · wall_segment Stone Wall x8 |
| 11:59 | kingjohnkk · first_building Dock |
| 12:35 | chapacha1705 · first_building Barracks |
| 13:23 | The Law · first_building Barracks |
| 14:22 | shadow++ · wall_segment Stone Wall x10 |
| 14:26 | kingjohnkk · wall_segment Stone Wall x1 |
| 14:27 | kingjohnkk · wall_segment Stone Wall x1 |
| 14:28 | kingjohnkk · wall_segment Stone Wall x1 |
| 14:29 | kingjohnkk · wall_segment Stone Wall x1 |
| 14:30 | kingjohnkk · wall_segment Stone Wall x1 |
| 14:31 | kingjohnkk · wall_segment Stone Wall x6 |
| 14:42 | kingjohnkk · wall_segment Stone Wall x3 |
| 15:00 | SebastiánIgnacio · wall_segment Stone Wall x1 |
| 15:02 | SebastiánIgnacio · wall_segment Stone Wall x1 |
| 15:03 | SebastiánIgnacio · wall_segment Stone Wall x1 |
| 15:11 | The Law · first_building Stable |
| 15:27 | Cuauhocelotl831 · wall_segment Stone Wall x11 |
| 15:31 | The Law · age_up castle |
| 15:32 | shadow++ · wall_segment Stone Wall x10 |
| 16:25 | Moe · age_up castle |
| 16:31 | kingjohnkk · wall_segment Palisade Wall x4 |
| 16:34 | kingjohnkk · wall_segment Palisade Wall x1 |
| 16:36 | kingjohnkk · wall_segment Palisade Wall x1 |
| 16:43 | kingjohnkk · wall_segment Palisade Wall x4 |
| 16:49 | shadow++ · age_up castle |
| 17:17 | chapacha1705 · age_up feudal |
| 18:42 | chapacha1705 · first_market_sell 100 food |
| 19:05 | kingjohnkk · wall_segment Palisade Wall x5 |
| 19:06 | kingjohnkk · wall_segment Palisade Wall x3 |
| 19:08 | kingjohnkk · wall_segment Palisade Wall x4 |
| 19:12 | kingjohnkk · wall_segment Palisade Wall x5 |
| 19:14 | kingjohnkk · wall_segment Palisade Wall x3 |
| 19:22 | SebastiánIgnacio · age_up castle |
| 19:46 | Cuauhocelotl831 · wall_segment Stone Wall x9 |
| 20:03 | kingjohnkk · wall_segment Stone Wall x10 |
| 20:03 | chapacha1705 · wall_segment Stone Wall x1 |
| 20:06 | chapacha1705 · wall_segment Stone Wall x1 |
| 20:08 | chapacha1705 · wall_segment Stone Wall x1 |
| 20:09 | chapacha1705 · wall_segment Stone Wall x1 |
| 20:10 | chapacha1705 · wall_segment Stone Wall x5 |
| 20:15 | chapacha1705 · wall_segment Stone Wall x5 |
| 20:18 | chapacha1705 · wall_segment Stone Wall x2 |
| 20:21 | NthEagle7752776 · first_building Monastery |
| 20:21 | chapacha1705 · wall_segment Stone Wall x1 |
| 20:28 | SebastiánIgnacio · first_building Siege Workshop |
| 20:44 | chapacha1705 · wall_segment Stone Wall x6 |
| 20:53 | kingjohnkk · age_up castle |
| 21:00 | The Law · wall_segment Palisade Wall x9 |
| 21:28 | kingjohnkk · wall_segment Stone Wall x11 |
| 21:40 | chapacha1705 · age_up castle |
| 22:03 | chapacha1705 · first_market_buy 100 wood |
| 22:53 | kingjohnkk · wall_segment Stone Wall x14 |
| 23:09 | Cuauhocelotl831 · first_market_sell 100 wood |
| 23:10 | kingjohnkk · first_building Siege Workshop |
| 23:19 | shadow++ · first_building Castle |
| 23:49 | SebastiánIgnacio · first_building Monastery |
| 23:58 | kingjohnkk · wall_segment Stone Wall x1 |
| 24:11 | The Law · first_building Castle |
| 24:54 | Moe · first_building Monastery |
| 25:23 | Moe · first_market_sell 500 food |
| 26:35 | shadow++ · first_market_buy 100 food |
| 27:37 | chapacha1705 · first_building Castle |
| 27:41 | The Law · first_building Archery Range |
| 28:02 | Moe · first_building Barracks |
| 28:13 | kingjohnkk · wall_segment Palisade Wall x7 |
| 28:14 | kingjohnkk · wall_segment Palisade Wall x1 |
| 28:16 | kingjohnkk · wall_segment Palisade Wall x4 |
| 28:21 | kingjohnkk · wall_segment Palisade Wall x9 |
| 28:23 | Moe · first_building Siege Workshop |
| 28:39 | Moe · first_building Archery Range |
| 29:07 | shadow++ · wall_segment Stone Wall x19 |
| 29:29 | Moe · age_up imperial |
| 29:56 | shadow++ · age_up imperial |
| 30:04 | The Law · first_market_sell 100 wood |
| 30:04 | NthEagle7752776 · first_building Castle |
| 30:06 | The Law · first_market_buy 100 food |
| 30:30 | SebastiánIgnacio · first_market_sell 100 wood |
| 30:43 | shadow++ · first_building Monastery |
| 31:23 | NthEagle7752776 · first_building Barracks |
| 31:27 | Cuauhocelotl831 · first_building Castle |
| 31:33 | NthEagle7752776 · first_building Siege Workshop |
| 32:00 | Moe · first_building Stable |
| 32:34 | kingjohnkk · wall_segment Stone Wall x1 |
| 32:35 | kingjohnkk · wall_segment Stone Wall x1 |
| 32:36 | kingjohnkk · wall_segment Stone Wall x1 |
| 32:36 | kingjohnkk · wall_segment Stone Wall x1 |
| 32:37 | kingjohnkk · wall_segment Stone Wall x1 |
| 32:46 | kingjohnkk · first_building Monastery |
| 32:57 | kingjohnkk · first_building Castle |
| 33:09 | Cuauhocelotl831 · first_building Siege Workshop |
| 33:19 | The Law · age_up imperial |
| 33:41 | SebastiánIgnacio · age_up imperial |
| 33:42 | kingjohnkk · age_up imperial |
| 33:54 | Cuauhocelotl831 · first_building Barracks |
| 34:06 | Cuauhocelotl831 · first_building Monastery |
| 37:38 | SebastiánIgnacio · first_building Castle |
| 37:42 | kingjohnkk · wall_segment Stone Wall x1 |
| 37:43 | kingjohnkk · wall_segment Stone Wall x3 |
| 37:47 | kingjohnkk · wall_segment Stone Wall x7 |
| 37:48 | kingjohnkk · wall_segment Stone Wall x10 |
| 39:21 | shadow++ · first_building Siege Workshop |
| 41:59 | kingjohnkk · wall_segment Stone Wall x15 |
| 42:03 | Moe · first_building Castle |
| 42:46 | kingjohnkk · wall_segment Stone Wall x1 |
| 42:47 | kingjohnkk · wall_segment Stone Wall x7 |
| 43:29 | chapacha1705 · age_up imperial |
| 43:40 | SebastiánIgnacio · wall_segment Stone Wall x11 |
| 43:54 | kingjohnkk · wall_segment Stone Wall x7 |
| 44:04 | kingjohnkk · wall_segment Stone Wall x2 |
| 44:22 | kingjohnkk · wall_segment Stone Wall x7 |
| 44:39 | shadow++ · first_building Barracks |
| 45:04 | kingjohnkk · wall_segment Stone Wall x5 |
| 45:24 | shadow++ · first_building Archery Range |
| 45:29 | kingjohnkk · wall_segment Stone Wall x11 |
| 46:47 | kingjohnkk · wall_segment Stone Wall x2 |
| 46:53 | chapacha1705 · first_building Stable |
| 47:46 | kingjohnkk · wall_segment Stone Wall x1 |
| 47:46 | kingjohnkk · wall_segment Stone Wall x1 |
| 47:47 | kingjohnkk · wall_segment Stone Wall x1 |
| 47:48 | kingjohnkk · wall_segment Stone Wall x1 |
| 47:48 | kingjohnkk · wall_segment Stone Wall x1 |
| 47:49 | kingjohnkk · wall_segment Stone Wall x1 |
| 47:49 | kingjohnkk · wall_segment Stone Wall x1 |
| 47:49 | kingjohnkk · wall_segment Stone Wall x1 |
| 47:50 | kingjohnkk · wall_segment Stone Wall x1 |
| 47:50 | kingjohnkk · wall_segment Stone Wall x1 |
| 47:51 | kingjohnkk · wall_segment Stone Wall x1 |
| 47:52 | kingjohnkk · wall_segment Stone Wall x1 |
| 47:52 | kingjohnkk · wall_segment Stone Wall x1 |
| 47:53 | kingjohnkk · wall_segment Stone Wall x1 |
| 47:53 | kingjohnkk · wall_segment Stone Wall x1 |
| 47:54 | kingjohnkk · wall_segment Stone Wall x1 |
| 47:54 | kingjohnkk · wall_segment Stone Wall x1 |
| 49:32 | kingjohnkk · wall_segment Stone Wall x1 |
| 49:33 | kingjohnkk · wall_segment Stone Wall x1 |
| 49:33 | kingjohnkk · wall_segment Stone Wall x1 |
| 49:42 | kingjohnkk · first_market_sell 500 food |
| 50:35 | kingjohnkk · first_market_buy 100 stone |
| 51:54 | SebastiánIgnacio · first_building Stable |
| 52:12 | SebastiánIgnacio · wall_segment Stone Wall x18 |
| 55:07 | shadow++ · first_market_sell 100 wood |
| 55:17 | kingjohnkk · wall_segment Stone Wall x1 |
| 55:18 | kingjohnkk · wall_segment Stone Wall x1 |
| 55:18 | kingjohnkk · wall_segment Stone Wall x1 |
| 55:19 | kingjohnkk · wall_segment Stone Wall x1 |
| 55:19 | kingjohnkk · wall_segment Stone Wall x1 |
| 55:19 | kingjohnkk · wall_segment Stone Wall x1 |
| 55:19 | kingjohnkk · wall_segment Stone Wall x1 |
| 55:20 | kingjohnkk · wall_segment Stone Wall x1 |
| 55:20 | kingjohnkk · wall_segment Stone Wall x1 |
| 55:20 | kingjohnkk · wall_segment Stone Wall x1 |
| 55:21 | kingjohnkk · wall_segment Stone Wall x1 |
| 56:01 | SebastiánIgnacio · first_market_buy 500 wood |
| 56:47 | SebastiánIgnacio · resign |
[ AI ANALYSIS · 1 CREDIT ]
What really happened in this match?
Wolo.gg analyzes every decision: build order, eco, micro, common mistakes by bracket. Personalized analysis on WhatsApp or Discord in 30 seconds.
Civ guide
Mongols
Perfil
Jugador #17861064